 Dungeon Crawl Stone Soup version 0.22.1-5-g62c59d919a (webtiles) character file.

1605 OniHtar the Firebug (level 8, -10/59 HPs)
             Began as a Pale Draconian Fire Elementalist on Jan 11, 2019.
             Was an Initiate of Kikubaaqudgha.
             Mangled by an orc warrior
             ... wielding a +0 glaive
              (27 damage)
             ... on level 6 of the Dungeon.
             The game lasted 00:50:48 (6246 turns).

OniHtar the Firebug (DrFE)                          Turns: 6246, Time: 00:50:49

Health: -10/59     AC:  6    Str: 12    XL:     8   Next: 63%
Magic:  7/16       EV: 13    Int: 17    God:    Kikubaaqudgha [......]
Gold:   224        SH:  0    Dex: 11    Spells: 5/18 levels left

rFire    + . .     SeeInvis +   l - +0 war axe (freeze)
rCold    x . .     Gourm    .   (no shield)
rNeg     . . .     Faith    .   (armour unavailable)
rPois    .         Spirit   .   (helmet restricted)
rElec    .         Reflect  .   (no cloak)
rCorr    .         Harm     +   (no gloves)
MR       .....                  (no boots)
Stlth    ++........             a - amulet of harm
HPRegen  0.19/turn              d - ring of fire
MPRegen  0.15/turn              e - ring of see invisible

@: lethally poisoned (-10 -> -13), very slightly contaminated
A: breathe steam, unfitting armour, cold-blooded, AC +6
a: Breathe Steam, Renounce Religion


You were on level 6 of the Dungeon.
You worshipped Kikubaaqudgha.
Kikubaaqudgha was noncommittal.
You were not hungry.

You visited 1 branch of the dungeon, and saw 6 of its levels.

You collected 224 gold pieces.

Inventory:

Hand Weapons
 l - a +0 war axe of freezing (weapon)
Jewellery
 a - an amulet of harm (around neck)
 d - a ring of fire (left hand)
 e - a ring of see invisible (right hand)
 m - a cursed -4 ring of protection {unknown}
Scrolls
 f - 3 scrolls of remove curse
 h - 2 scrolls of amnesia
 i - a scroll of identify
 k - a scroll of magic mapping
Potions
 c - 2 potions of heal wounds {unknown}
 g - a potion of lignification {unknown}
 j - a potion of might {unknown}
Comestibles
 b - 3 rations


   Skills:
 + Level 1.1 Fighting
 + Level 1.0 Axes
 + Level 3.4 Dodging
 + Level 3.2 Stealth
 + Level 0.8 Unarmed Combat
 + Level 5.6 Spellcasting
 + Level 4.8 Conjurations
 * Level 3.1 Necromancy
 + Level 6.4 Fire Magic


You had 5 spell levels left.
You knew the following spells:

 Your Spells              Type           Power        Failure   Level  Hunger
a - Flame Tongue          Conj/Fire      #####        1%          1    None
b - Animate Skeleton      Necr           N/A          3%          1    None
c - Fireball              Conj/Fire      #####.....   36%         5    ######.
d - Regeneration          Chrm/Necr      ##........   22%         3    ##.....
e - Pain                  Necr           ###.         3%          1    None
f - Throw Flame           Conj/Fire      #####.       1%          2    #......

Your spell library contained the following spells:

 Spells                   Type           Power        Failure   Level  Hunger
 Conjure Flame            Conj/Fire      #####...     4%          3    ##.....
 Sublimation of Blood     Necr           ###.......   5%          2    #......
 Inner Flame              Hex/Fire       ###.....     11%         3    ##.....
 Sticky Flame             Conj/Fire      #####...     13%         4    ####...


Dungeon Overview and Level Annotations

Branches:
Dungeon (6/15)             Temple (0/1) D:4

Altars:
Fedhas
Kikubaaqudgha
Okawaru
Xom
Zin


Innate Abilities, Weirdness & Mutations

You can breathe blasts of scalding, opaque steam.
Your pale cyan-grey scales are hard. (AC +6)
You cannot fit into any form of body armour.
You are cold-blooded and may be slowed by cold attacks.


Message History

Confirm with . or Enter, or press ? or * to list all spells.
Aiming: Flame Tongue (safe; 1% risk of failure)
Press: ? - help, Shift-Dir - straight line, f/p - orc wizard
Aim: an orc wizard, wielding a dagger and wearing a robe (severely wounded, You feel a surge of power!
The flame tongue hits the orc wizard.
You kill the orc wizard!
Kikubaaqudgha accepts your kill.
Your Axes skill increases to level 1!
The orc wizard barely misses you. The orc closely misses you.
The orc warrior hits you from afar with a glaive!
You feel sick. The orc wizard barely misses you.
You feel sick. The orc wizard casts a spell at you.
You resist with some effort. The orc hits you but does no damage.
You feel sick. The orc wizard closely misses you. The orc warrior misses you.
The orc closely misses you.
You feel sick.
The orc warrior hits you from afar with a glaive!!
You die...
Kikubaaqudgha rasps: "You have failed me!
Welcome... death!"

.# #.##.## #
.#...##!# ......
#.?.# #
#.#######)..##.#
#..(<.....#o...#
#.#######.o.####.#
##o.@....#
#########


You could see an orc warrior, an orc wizard and an orc.

Vanquished Creatures
  Grinder (D:5)
  Sigmund (D:5)
  A wyvern (D:5)
  An ice beast (D:5)
  A sky beast (D:5)
  A centaur (D:5)
  2 ogres (D:4)
  A scorpion (D:5)
  A howler monkey (D:4)
  A crimson imp (D:5)
  An orc priest (D:4)
  A hound (D:4)
  A jelly (D:5)
  3 orc wizards
  2 bullfrog skeletons
  A centaur skeleton (D:5)
  Jessica (D:2)
  Ijyb (D:3)
  Natasha (D:3)
  Terence (D:3)
  A worker ant (D:4)
  A howler monkey skeleton (D:4)
  A howler monkey zombie (D:5)
  7 adders
  3 gnolls (D:3)
  3 worms
  A dart slug (D:2)
  A leopard gecko (D:2)
  11 orcs
  2 ball pythons
  6 giant cockroaches
  5 goblins
  3 hobgoblins
  9 jackals (D:4)
  2 bats (D:1)
  A frilled lizard (D:1)
  7 kobolds
  A leopard gecko skeleton (D:5)
  A quokka skeleton (D:4)
  5 rats
95 creatures vanquished.

Notes
Turn   | Place    | Note
-------+----------+-------------------------------------------
     0 | D:1      | OniHtar the Draconian Fire Elementalist began the quest for
                  | the Orb.
     0 | D:1      | Reached XP level 1. HP: 14/14 MP: 3/3
   396 | D:1      | Reached XP level 2. HP: 20/20 MP: 3/5
   635 | D:1      | Reached XP level 3. HP: 14/26 MP: 0/6
  1061 | D:2      | Reached skill level 4 in Fire Magic
  1070 | D:2      | Reached XP level 4. HP: 27/33 MP: 0/7
  1187 | D:2      | Noticed Jessica
  1194 | D:2      | Killed Jessica
  1493 | D:3      | Noticed Ijyb
  2207 | D:3      | Killed Ijyb
  2207 | D:3      | Reached XP level 5. HP: 19/38 MP: 0/9
  2377 | D:3      | Found a glowing silver altar of Zin.
  2418 | D:3      | Noticed Terence
  2439 | D:3      | Killed Terence
  2555 | D:3      | Found an ancient bone altar of Kikubaaqudgha.
  2562 | D:3      | Became a worshipper of Kikubaaqudgha
  2589 | D:3      | Noticed Natasha
  2598 | D:3      | Killed Natasha
  2771 | D:3      | Found a faded altar of an unknown god.
  2804 | D:3      | Found an iron altar of Okawaru.
  2914 | D:4      | Noticed an ogre
  2919 | D:4      | Reached XP level 6. HP: 45/45 MP: 5/11
  3181 | D:4      | Noticed Grinder
  3449 | D:4      | Your scales start taking on a pale cyan-grey colour.
  3449 | D:4      | Reached XP level 7. HP: 51/51 MP: 9/13
  3468 | D:4      | Reached skill level 5 in Fire Magic
  3627 | D:4      | Reached * piety under Kikubaaqudgha
  3627 | D:4      | Identified Kikubaaqudgha's Disquisition on Darkness
                  | (Kikubaaqudgha gifted it to you on level 4 of the Dungeon)
  3627 | D:4      | Received a gift from Kikubaaqudgha
  3712 | D:4      | Learned a level 1 spell: Animate Skeleton
  3718 | D:4      | Learned a level 5 spell: Fireball
  3722 | D:4      | Learned a level 3 spell: Regeneration
  3724 | D:4      | Learned a level 1 spell: Pain
  3727 | D:4      | Learned a level 2 spell: Throw Flame
  3807 | D:4      | Found a staircase to the Ecumenical Temple.
  3867 | D:5      | Entered Level 5 of the Dungeon
  3867 | D:5      | Found a shimmering altar of Xom.
  3922 | D:5      | Paralysed by Grinder for 4 turns
  4402 | D:5      | Reached skill level 1 in Necromancy
  4753 | D:5      | Found a blossoming altar of Fedhas.
  5213 | D:5      | Reached skill level 5 in Spellcasting
  5213 | D:5      | Reached XP level 8. HP: 42/58 MP: 1/15
  5225 | D:5      | Killed Grinder
  5225 | D:5      | Reached skill level 1 in Fighting
  5225 | D:5      | Reached skill level 6 in Fire Magic
  5456 | D:5      | Noticed Sigmund
  5471 | D:5      | Killed Sigmund
  6241 | D:6      | Reached skill level 1 in Axes
  6246 | D:6      | Mangled by an orc warrior

Skill      XL: |  1  2  3  4  5  6  7  8 |
---------------+-------------------------+-----
Stealth        | 2 3 |  3.2
Fire Magic     | 4 5 6 |  6.4
Dodging        | 2 3 |  3.4
Conjurations   | 2 3 4 |  4.8
Spellcasting   | 3 4 5 |  5.6
Necromancy     | 1 3 |  3.1
Fighting       | 1 |  1.1
Axes           | 1 |  1.0
Unarmed Combat | |  0.8

Action                   |  1- 3 |  4- 6 |  7- 9 || total
-------------------------+-------+-------+-------++-------
Melee: Unarmed           |     7 |    27 |     1 ||    35
       Tailslap          |     1 |     3 |       ||     4
       War axe           |       |       |    26 ||    26
 Cast: Flame Tongue      |    49 |   102 |    25 ||   176
       Throw Flame       |       |       |    37 ||    37
       Fireball          |       |       |     2 ||     2
       Animate Skeleton  |       |       |     2 ||     2
       Pain              |       |       |     9 ||     9
Invok: Receive Corpses   |       |       |     1 ||     1
  Use: Scroll            |     4 |     8 |     2 ||    14
  Eat: Chunk             |       |     2 |       ||     2
       Ration            |       |     2 |     4 ||     6
Armor: Skin              |    18 |    24 |    29 ||    71
Dodge: Dodged            |    44 |    43 |   105 ||   192
